| TOP OF THE 1ST |
|
Cleveland Guardians batting - Pitching for Oakland Athletics : RHP Kendall Graveman
|
|
Pitching: RHP Kendall Graveman
|
|
|
Batting: LHB Joe Wendle
|
0-0: Foul Ball, location: 2F 0-1: Fly out, F8 (Line Drive, 8RS, EV 92.5 MPH)
|
|
Batting: RHB Liam Thompson
|
0-0: Ball 1-0: Called Strike 1-1: Ball 2-1: Fly out, F9 (Line Drive, 9S, EV 98.8 MPH)
|
|
Batting: LHB José Álvarez
|
0-0: Ground out 4-3 (Groundball, 4, EV 90.6 MPH)
|
| Top of the 1st over - 0 runs, 0 hits, 0 errors, 0 left on base; Cleveland 0 - Oakland 0 |
| BOTTOM OF THE 1ST |
|
Oakland Athletics batting - Pitching for Cleveland Guardians : LHP Jose C. Medina
|
|
Pitching: LHP Jose C. Medina
|
|
|
Batting: RHB Héctor Rodríguez
|
0-0: Ball 1-0: Ball 2-0: Ground out U3 (Groundball, 34S, EV 83.1 MPH)
|
|
Batting: RHB Wyatt Mathisen
|
0-0: Called Strike 0-1: Ball 1-1: Ball 2-1: DOUBLE (Line Drive, 9LS, EV 111.3 MPH)
|
|
Batting: RHB Jonathan Amundaray
|
0-0: Called Strike 0-1: Swinging Strike 0-2: Ball 1-2: Foul Ball, location: 9LMF 1-2: Fly out, F4 (Popup, 4, EV 60.0 MPH)
|
|
Batting: RHB Walter Rasquin
|
0-0: Ball 1-0: Ground out 5-3 (Groundball, 56, EV 83.1 MPH)
|
| Bottom of the 1st over - 0 runs, 1 hit, 0 errors, 1 left on base; Cleveland 0 - Oakland 0 |
| TOP OF THE 2ND |
|
Cleveland Guardians batting - Pitching for Oakland Athletics : RHP Kendall Graveman
|
|
Batting: RHB Giancarlo Stanton
|
0-0: Ball 1-0: Foul Ball, location: 2F 1-1: Foul Ball, location: 7LDF 1-2: Fly out, F8 (Flyball, 8RD, EV 103.1 MPH)
|
|
Batting: RHB Ernie Jones
|
0-0: Ball 1-0: Swinging Strike 1-1: Ball 2-1: Swinging Strike 2-2: Strikes out looking
|
|
Batting: RHB Juan Martínez
|
0-0: Fly out, F8 (Flyball, 8LXD, EV 96.3 MPH)
|
| Top of the 2nd over - 0 runs, 0 hits, 0 errors, 0 left on base; Cleveland 0 - Oakland 0 |
| BOTTOM OF THE 2ND |
|
Oakland Athletics batting - Pitching for Cleveland Guardians : LHP Jose C. Medina
|
|
Batting: RHB Ismael Díaz
|
0-0: Ball 1-0: Ball 2-0: Called Strike 2-1: Ball 3-1: Fly out, F9 (Flyball, 9LS, EV 98.8 MPH)
|
|
Batting: RHB Manuel Margot
|
0-0: Fly out, F9 (Line Drive, 9S, EV 100.6 MPH)
|
|
Batting: RHB Ramon Beltre
|
0-0: Called Strike 0-1: Ball 1-1: Foul Ball, location: 2F 1-2: Ball 2-2: Foul Ball, location: 2F 2-2: Foul Ball, location: 9LSF 2-2: Fly out, F8 (Flyball, 8RD, EV 110.0 MPH)
|
| Bottom of the 2nd over - 0 runs, 0 hits, 0 errors, 0 left on base; Cleveland 0 - Oakland 0 |
| TOP OF THE 3RD |
|
Cleveland Guardians batting - Pitching for Oakland Athletics : RHP Kendall Graveman
|
|
Batting: LHB Joe Young
|
0-0: Ball 1-0: Called Strike 1-1: Foul Ball, location: 7LMF 1-2: Fly out, F8 (Flyball, 8RXD, EV 96.3 MPH)
|
|
Batting: SHB Brett Austin
|
0-0: Called Strike 0-1: Ground out 6-3 (Groundball, 6D, EV 95.0 MPH)
|
|
Batting: RHB Ben Ramsey
|
0-0: Ball 1-0: Ball 2-0: Called Strike 2-1: Ground out 6-3 (Groundball, 6, EV 106.3 MPH)
|
| Top of the 3rd over - 0 runs, 0 hits, 0 errors, 0 left on base; Cleveland 0 - Oakland 0 |
| BOTTOM OF THE 3RD |
|
Oakland Athletics batting - Pitching for Cleveland Guardians : LHP Jose C. Medina
|
|
Batting: SHB Miguel Ruiz
|
0-0: Ball 1-0: Ball 2-0: Called Strike 2-1: Fly out, F8 (Line Drive, 4MD, EV 73.1 MPH)
|
|
Batting: RHB Artie Breslin
|
0-0: Swinging Strike 0-1: Called Strike 0-2: Strikes out swinging
|
|
Batting: RHB Héctor Rodríguez
|
0-0: Foul Ball, location: 5FF 0-1: Ball 1-1: Called Strike 1-2: Foul Ball, location: 3DF 1-2: Ball 2-2: Ball 3-2: Fly out, F1 (Popup, 13, EV 86.9 MPH)
|
| Bottom of the 3rd over - 0 runs, 0 hits, 0 errors, 0 left on base; Cleveland 0 - Oakland 0 |
| TOP OF THE 4TH |
|
Cleveland Guardians batting - Pitching for Oakland Athletics : RHP Kendall Graveman
|
|
Batting: LHB Joe Wendle
|
0-0: Swinging Strike 0-1: Called Strike 0-2: Foul Ball, location: 2F 0-2: Foul Ball, location: 5F 0-2: Fly out, F8 (Line Drive, 8LD, EV 92.5 MPH)
|
|
Batting: RHB Liam Thompson
|
0-0: Called Strike 0-1: Ball 1-1: Swinging Strike 1-2: Ball 2-2: Strikes out looking
|
|
Batting: LHB José Álvarez
|
0-0: Ball 1-0: Ground out 2-3 (Groundball, 2L, EV 73.1 MPH)
|
| Top of the 4th over - 0 runs, 0 hits, 0 errors, 0 left on base; Cleveland 0 - Oakland 0 |
| BOTTOM OF THE 4TH |
|
Oakland Athletics batting - Pitching for Cleveland Guardians : LHP Jose C. Medina
|
|
Batting: RHB Wyatt Mathisen
|
0-0: Ball 1-0: Ball 2-0: Ground out 3-1 (Groundball, 34, EV 81.3 MPH)
|
|
Batting: RHB Jonathan Amundaray
|
0-0: Ball 1-0: Called Strike 1-1: SINGLE (Line Drive, 89S, EV 90.6 MPH)
|
|
Batting: RHB Walter Rasquin
|
0-0: Called Strike 0-1: Called Strike 0-2: Foul Ball, location: 3FF 0-2: Foul Ball, location: 25F 0-2: Ball 1-2: Ball 2-2: Ball 3-2: Foul Ball, location: 3F 3-2: Grounds into double play, 4-6-3 (Groundball, 4, EV 87.5 MPH)
|
| Bottom of the 4th over - 0 runs, 1 hit, 0 errors, 0 left on base; Cleveland 0 - Oakland 0 |
| TOP OF THE 5TH |
|
Cleveland Guardians batting - Pitching for Oakland Athletics : RHP Kendall Graveman
|
|
Batting: RHB Giancarlo Stanton
|
0-0: Ball 1-0: Foul Ball, location: 5F 1-1: Ground out U3 (Groundball, 34S, EV 79.4 MPH)
|
|
Batting: RHB Ernie Jones
|
0-0: Ball 1-0: Foul Ball, location: 5FF 1-1: Foul Ball, location: 7LSF 1-2: Foul Ball, location: 9LSFF 1-2: Foul Ball, location: 2F 1-2: Ball 2-2: Ball 3-2: Fly out, F8 (Flyball, 8RM, EV 95.0 MPH)
|
|
Batting: RHB Juan Martínez
|
0-0: Foul Ball, location: 2F 0-1: Ball 1-1: Foul Ball, location: 2RF 1-2: Ball 2-2: Ball 3-2: Foul Ball, location: 2RF 3-2: Fly out, F9 (Line Drive, 9, EV 98.1 MPH)
|
| Top of the 5th over - 0 runs, 0 hits, 0 errors, 0 left on base; Cleveland 0 - Oakland 0 |
| BOTTOM OF THE 5TH |
|
Oakland Athletics batting - Pitching for Cleveland Guardians : LHP Jose C. Medina
|
|
Batting: RHB Ismael Díaz
|
0-0: Ball 1-0: Ball 2-0: Foul Ball, location: 2F 2-1: SINGLE (Line Drive, 8RS, EV 105.6 MPH)
|
|
Batting: RHB Manuel Margot
|
0-0: Foul Ball, location: 3F 0-1: Ball 1-1: Sac Bunt to 2R - play at first, batter OUT! 2-3 Ismael Díaz to second
|
|
Batting: RHB Ramon Beltre
|
0-0: Intentional Walk
|
|
Batting: SHB Miguel Ruiz
|
0-0: Called Strike 0-1: Grounds into double play, 1-4-3 (Groundball, 15, EV 67.5 MPH)
|
| Bottom of the 5th over - 0 runs, 1 hit, 0 errors, 1 left on base; Cleveland 0 - Oakland 0 |
| TOP OF THE 6TH |
|
Cleveland Guardians batting - Pitching for Oakland Athletics : RHP Kendall Graveman
|
|
Batting: LHB Joe Young
|
0-0: Ball 1-0: Ground out 6-3 (Groundball, 6MD, EV 99.4 MPH)
|
|
Batting: SHB Brett Austin
|
0-0: Foul Ball, location: 2F 0-1: Ball 1-1: Foul Ball, location: 23F 1-2: Single, Error in OF, E8, batter to second base (Groundball, 4MD, EV 97.5 MPH)
|
|
Batting: RHB Ben Ramsey
|
0-0: Called Strike 0-1: Ball 1-1: Ball 2-1: Called Strike 2-2: Strikes out swinging
|
|
Batting: LHB Joe Wendle
|
0-0: Ball 1-0: Ball 2-0: Ball 3-0: Called Strike 3-1: Foul Ball, location: 5FF 3-2: Ground out 6-3 (Groundball, 6, EV 86.9 MPH)
|
| Top of the 6th over - 0 runs, 1 hit, 1 error, 1 left on base; Cleveland 0 - Oakland 0 |
| BOTTOM OF THE 6TH |
|
Oakland Athletics batting - Pitching for Cleveland Guardians : LHP Jose C. Medina
|
|
Batting: RHB Artie Breslin
|
0-0: Ground out 4-3 (Groundball, 4S, EV 86.3 MPH)
|
|
Batting: RHB Héctor Rodríguez
|
0-0: Foul Ball, location: 2F 0-1: Ball 1-1: Ball 2-1: Foul Ball, location: 5F 2-2: SINGLE (Flyball, 34D, EV 94.4 MPH)
|
|
Batting: RHB Wyatt Mathisen
|
0-0: Foul Ball, location: 3F 0-1: Foul Ball, location: 2F 0-2: SINGLE (Groundball, 56D, EV 95.0 MPH) Héctor Rodríguez to second
|
|
Batting: RHB Jonathan Amundaray
|
0-0: Ball 1-0: Ball 2-0: Fly out, F8 (Line Drive, 8LD, EV 91.3 MPH) Runner from 2nd tags up, SAFE at 3rd, no throw by CF
|
|
Batting: RHB Walter Rasquin
|
0-0: Foul Ball, location: 9LSFF 0-1: Foul Ball, location: 2F 0-2: Ball 1-2: Foul Ball, location: 9LSF 1-2: Ball 2-2: Foul Ball, location: 23FF 2-2: Ball 3-2: Foul Ball, location: 5F 3-2: Fly out, F3 (Line Drive, 3L, EV 74.4 MPH)
|
| Bottom of the 6th over - 0 runs, 2 hits, 0 errors, 2 left on base; Cleveland 0 - Oakland 0 |
| TOP OF THE 7TH |
|
Cleveland Guardians batting - Pitching for Oakland Athletics : RHP Kendall Graveman
|
|
Batting: RHB Liam Thompson
|
0-0: Ball 1-0: Ground out 1-3 (Groundball, 15S, EV 81.3 MPH)
|
|
Batting: LHB José Álvarez
|
0-0: Ground out 4-3 (Groundball, 4, EV 82.5 MPH)
|
|
Batting: RHB Giancarlo Stanton
|
0-0: Called Strike 0-1: Ball 1-1: Called Strike 1-2: Ball 2-2: Ball 3-2: Foul Ball, location: 23F 3-2: Foul Ball, location: 2F 3-2: Foul Ball, location: 7LDF 3-2: Strikes out swinging, 2-3 out at first.
|
| Top of the 7th over - 0 runs, 0 hits, 0 errors, 0 left on base; Cleveland 0 - Oakland 0 |
| BOTTOM OF THE 7TH |
|
Oakland Athletics batting - Pitching for Cleveland Guardians : LHP Jose C. Medina
|
|
Batting: RHB Ismael Díaz
|
0-0: Fly out, F8 (Flyball, 8RM, EV 92.5 MPH)
|
|
Batting: RHB Manuel Margot
|
0-0: Ball 1-0: Ball 2-0: Called Strike 2-1: Ground out 6-3 (Groundball, 6, EV 90.0 MPH)
|
|
Batting: RHB Ramon Beltre
|
0-0: Ball 1-0: Swinging Strike 1-1: Ball 2-1: Foul Ball, location: 7LSF 2-2: Ball 3-2: Ground out 6-3 (Groundball, 6M, EV 101.3 MPH)
|
| Bottom of the 7th over - 0 runs, 0 hits, 0 errors, 0 left on base; Cleveland 0 - Oakland 0 |
| TOP OF THE 8TH |
|
Cleveland Guardians batting - Pitching for Oakland Athletics : RHP Kendall Graveman
|
|
Batting: RHB Ernie Jones
|
0-0: Swinging Strike 0-1: Swinging Strike 0-2: Foul Ball, location: 2F 0-2: Strikes out swinging
|
|
Batting: RHB Juan Martínez
|
0-0: Foul Ball, location: 25FF 0-1: Ball 1-1: Ball 2-1: SINGLE (Line Drive, 8LS, EV 91.9 MPH)
|
|
Batting: LHB Joe Young
|
0-0: Ball 1-0: Bunted foul 1-1: Bunt - Flyout to 3S! F3
|
|
Pitching: LHP Tommy Meyers
|
|
|
Batting: SHB Brett Austin
|
0-0: Called Strike 0-1: Ball Wild Pitch! Juan Martínez to second 1-1: Swinging Strike 1-2: Strikes out looking
|
| Top of the 8th over - 0 runs, 1 hit, 0 errors, 1 left on base; Cleveland 0 - Oakland 0 |
| BOTTOM OF THE 8TH |
|
Oakland Athletics batting - Pitching for Cleveland Guardians : LHP Jose C. Medina
|
|
Batting: SHB Miguel Ruiz
|
0-0: Ground out 5-3 (Groundball, 5, EV 90.0 MPH)
|
|
Batting: RHB Artie Breslin
|
0-0: Called Strike 0-1: Foul Ball, location: 7LSFF 0-2: Strikes out swinging
|
|
Batting: RHB Héctor Rodríguez
|
0-0: Called Strike 0-1: Ball 1-1: Ball 2-1: Ball 3-1: Foul Ball, location: 2F 3-2: Foul Ball, location: 25F 3-2: Ground out 6-3 (Groundball, 6, EV 86.3 MPH)
|
| Bottom of the 8th over - 0 runs, 0 hits, 0 errors, 0 left on base; Cleveland 0 - Oakland 0 |
| TOP OF THE 9TH |
|
Cleveland Guardians batting - Pitching for Oakland Athletics : LHP Tommy Meyers
|
|
Batting: RHB Ben Ramsey
|
0-0: Called Strike 0-1: Swinging Strike 0-2: Foul Ball, location: 9LSF 0-2: Ground out 6-3 (Groundball, 6, EV 91.9 MPH)
|
|
Batting: RHB Vladimir Guerrero Jr.
|
0-0: Called Strike 0-1: Swinging Strike 0-2: Strikes out swinging
|
|
Batting: RHB Liam Thompson
|
0-0: Ball 1-0: Called Strike 1-1: Swinging Strike 1-2: Ground out 5-3 (Groundball, 5, EV 92.5 MPH)
|
| Top of the 9th over - 0 runs, 0 hits, 0 errors, 0 left on base; Cleveland 0 - Oakland 0 |
| BOTTOM OF THE 9TH |
|
Oakland Athletics batting - Pitching for Cleveland Guardians : LHP Jose C. Medina
|
|
Pitching: RHP Jesus A. Sanchez
|
|
|
Batting: RHB Wyatt Mathisen
|
0-0: Foul Ball, location: 9LMF 0-1: Ground out 5-3 (Groundball, 56S, EV 65.6 MPH)
|
|
Pinch Hitting: LHB Mike Papi
|
0-0: Ball 1-0: Ball 2-0: Foul Ball, location: 7LDF 2-1: Foul Ball, location: 2F 2-2: Ball 3-2: Strikes out swinging
|
|
Batting: LHB Joc Pederson
|
0-0: Called Strike 0-1: Foul Ball, location: 2F 0-2: Ball 1-2: Strikes out swinging
|
| Bottom of the 9th over - 0 runs, 0 hits, 0 errors, 0 left on base; Cleveland 0 - Oakland 0 |
| TOP OF THE 10TH |
|
Cleveland Guardians batting - Pitching for Oakland Athletics : LHP Tommy Meyers
|
|
Liam Thompson starts the inning at 2nd base.
|
|
|
Pitching: RHP Gabriel Ynoa
|
|
|
Now in LF: Mike Papi
|
|
|
Batting: LHB José Álvarez
|
0-0: Ground out 6-3 (Groundball, 6, EV 85.6 MPH)
|
|
Batting: RHB Giancarlo Stanton
|
0-0: Foul Ball, location: 23FF 0-1: Called Strike 0-2: Ball 1-2: Ball 2-2: Ball 3-2: Base on Balls
|
|
Pinch Runner at 2nd Cecilio Aybar:
|
|
|
Pinch Hitting: SHB Willi Castro
|
0-0: Fly out, F8 (Flyball, 8RS, EV 87.5 MPH)
|
|
Batting: RHB Juan Martínez
|
0-0: Foul Ball, location: 25FF 0-1: Ground out U3 (Groundball, 34, EV 106.3 MPH)
|
| Top of the 10th over - 0 runs, 0 hits, 0 errors, 2 left on base; Cleveland 0 - Oakland 0 |
| BOTTOM OF THE 10TH |
|
Oakland Athletics batting - Pitching for Cleveland Guardians : RHP Jesus A. Sanchez
|
|
Joc Pederson starts the inning at 2nd base.
|
|
|
Now at 1B: Willi Castro
|
|
|
Now at 3B: Cecilio Aybar
|
|
|
Batting: RHB Ismael Díaz
|
0-0: Intentional Walk
|
|
Pinch Hitting: LHB Jesse Winker
|
0-0: Foul Ball, location: 9LMFF 0-1: Ball 1-1: Ball 2-1: Ball 3-1: Foul Ball, location: 5DF 3-2: Grounds into double play, 4-6-3 (Groundball, 4, EV 87.5 MPH) Joc Pederson to third
|
|
Batting: RHB Ramon Beltre
|
0-0: Called Strike 0-1: Called Strike 0-2: Strikes out swinging passed ball, reaches first! Joc Pederson scores
|
| Bottom of the 10th over - 1 run, 0 hits, 0 errors, 1 left on base; Cleveland 0 - Oakland 1 |
|